 Dungeon Sprint DCSS version 0.30-a0-728-gc68057be0a (webtiles) character file.

Game seed: 17371677287431454413

0 rocky1 the Slasher (level 1, 0/16 HPs)
             Began as a Merfolk Gladiator on Feb 1, 2023.
             Frozen to death by an endoplasm (4 damage)
             ... in the Dungeon (Sprint VI: "Thunderdome").
             The game lasted 00:00:42 (26 turns).

rocky1 the Slasher (Merfolk Gladiator)                Turns: 26, Time: 00:00:43

Health: 0/16       AC:  4    Str: 14    XL:     1   Next: 20%
Magic:  1/1        EV: 13    Int:  7    God:
Gold:   200        SH:  0    Dex: 15    Spells: 0/0 levels left

rFire   . . .      SeeInvis .    a - +0 long sword
rCold   . . .      Faith    .    (no shield)
rNeg    . . .      Spirit   .    b - +0 leather armour
rPois   .          Reflect  .    c - +0 helmet
rElec   .          Harm     .    (no cloak)
rCorr   .          Rampage  .    (no gloves)
Will    .....      NoTele   +    (no boots)
Stlth   +                        (no amulet)
HPRegen 0.22/turn                (no ring)
MPRegen 0.07/turn                (no ring)

@: no status effects
A: (nimble swimmer 2), mertail
a: no special abilities


You were in the Dungeon.
You visited 1 branch You collected 200 gold pieces.

Inventory:

Hand Weapons
 a - a +0 long sword (weapon)
Missiles
 d - 3 throwing nets (quivered)
 e - a javelin
Armour
 b - a +0 leather armour (worn)
 c - a +0 helmet (worn)
Wands
 m - a wand of quicksilver (5)
 n - a wand of iceblast (5)
Scrolls
 k - 4 scrolls of blinking
 o - 3 scrolls of fog
Potions
 f - a potion of curing
 g - 4 potions of heal wounds
 h - 4 potions of haste
 i - 2 potions of magic
 j - a potion of berserk rage
 l - a potion of resistance


   Skills:
 - Level 2.1 Fighting
 + Level 4.5 Long Blades
 - Level 2.0 Throwing
 - Level 4.0 Dodging


You couldn't memorise any spells.
You didn't know any spells.
Your spell library was empty.

Dungeon Overview and Level Annotations

Branches:
Dungeon (1/1)

Altars:
Kikubaaqudgha
Makhleb
Okawaru
Ru
Trog

Shops:
D *[?


Innate Abilities, Weirdness & Mutations

((You are very nimble when in or above water. (Stealth+, EV+, Speed+++)))
Your lower body shifts to a powerful aquatic tail in water.


Message History

The jackal barely misses you.
The jackal bites you but does no damage.
You barely miss the jackal.
The jackal is severely wounded.
The jackal barely misses you.
You hit the jackal but do no damage.
The jackal is heavily wounded.
The jackal closely misses you. The hobgoblin completely misses you.
The jackal closely misses you.
You closely miss the jackal.
The jackal is heavily wounded.
The jackal bites you but does no damage.
The hobgoblin barely misses you.
The jackal bites you but does no damage.
You hit the jackal.
You kill the jackal!
The hobgoblin hits you.
The hobgoblin hits you but does no damage.
The endoplasm hits you but does no damage.
Your Long Blades skill increases to level 4!
You barely miss the hobgoblin. The hobgoblin barely misses you.
The endoplasm freezes you.
You are frozen.
A quokka comes into view.
You closely miss the hobgoblin.
The endoplasm hits you but does no damage.
The hobgoblin closely misses you.
You hit the hobgoblin.
The hobgoblin is almost dead.
The endoplasm freezes you.
You are frozen.
The hobgoblin closely misses you.
You barely miss the hobgoblin.
The hobgoblin is almost dead.
The endoplasm freezes you.
You are frozen.
The hobgoblin hits you.
* * * LOW HITPOINT WARNING * * *
You completely miss the endoplasm. The endoplasm freezes you.
You are frozen.
You die...

#........
###.........###
#⌠...........⌠#
######.8..... ...8.#
#.___......# ......
∩........8.# .8....
...........###......
........###...#
.......@# #.<.#
......gJ# #...#
.......r...###...
∩........8. .8...
#∩.._...... ......
######.8.... ...8.#
#§...... ....⌠#
###.........###


You could see an endoplasm, a quokka and a hobgoblin.

Vanquished Creatures
  A jackal (D)
1 creature vanquished.

Notes
Turn   | Place    | Note
-------+----------+-------------------------------------------
     0 | D        | rocky1 the Merfolk Gladiator began the quest for the Orb.
     0 | D        | Reached XP level 1. HP: 16/16 MP: 1/1
     5 | D        | Round 1.
     6 | D        | Found a sacrificial altar of Ru.
     7 | D        | Found an ancient bone altar of Kikubaaqudgha.
     7 | D        | Found an iron altar of Okawaru.
     8 | D        | Found a bloodstained altar of Trog.
     9 | D        | Found a burning altar of Makhleb.
     9 | D        | Found Tashris's Identification Station.
    10 | D        | Found Itzotwen's Jewellery.
    10 | D        | Found Xaij's Advanced Armour.
    26 | D        | Frozen to death by an endoplasm

Illustrated notes

Levels and vault maps discovered:
D:        arena_sprint

Skill      XL: |  1 |
---------------+----+-----
Long Blades    | 4 |  4.5
Fighting       | |  2.1
Throwing       | |  2.0
Dodging        | |  4.0

Action                     || total
---------------------------++-------
  Melee: Long sword        ||    15
 Armour: Leather armour    ||     7
  Dodge: Dodged            ||    17

Table legend: (Time is in decaauts)
 A = Elapsed time spent in this place.
 B = Non-inter-level travel time spent in this place.
 C = Inter-level travel time spent in this place.
 D = Time resting spent in this place.
 E = Time spent auto-exploring this place.
 F = Levels seen in this place.
 G = Mean time per level.
                   A        B        C        D        E       F      G
               +--------+--------+--------+--------+--------+-----+--------+
         Total |     28 |     28 |      0 |      0 |      0 |   1 |   28.0 |
       Dungeon |     28 |     28 |      0 |      0 |      0 |   1 |   28.0 |
               +--------+--------+--------+--------+--------+-----+--------+

Top non-repeatable levels by time:
       D: 28 daAuts
